 Dungeon Crawl Stone Soup version 0.29-a0-187-ga23d9638d5 (webtiles) character file.

Game seed: 1920260040494998853

1008 dr0g0th the Covered (level 8, -2/48 HPs)
             Began as a Gargoyle Fighter on Feb 21, 2022.
             Was a Follower of Okawaru.
             Slain by a yak (11 damage)
             ... on level 4 of the Dungeon.
             The game lasted 00:06:31 (4197 turns).

dr0g0th the Covered (Gargoyle Fighter)              Turns: 4197, Time: 00:06:31

Health: -2/48      AC: 19    Str: 17    XL:     8   Next: 20%
Magic:  0/0        EV:  7    Int: 10    God:    Okawaru [*.....]
Gold:   212        SH:  5    Dex: 14    Spells: 7/7 levels left

rFire   . . .      SeeInvis .   p - +8 mace "Veavif Haby" {holy, rElec MP-9 Str-4 Dex+5}
rCold   . . .      Faith    .   c - +0 buckler
rNeg    + + .      Spirit   .   u - +0 storm dragon scales
rPois   ∞          Reflect  .   k - +0 helmet
rElec   +          Harm     .   (no cloak)
rCorr   .          Rampage  .   (no gloves)
Will    .....                   (no boots)
Stlth   ..........              (no amulet)
HPRegen 0.16/turn               n - ring of positive energy
MPRegen 0.07/turn               (no ring)

@: no status effects
A: sickness immunity, AC +5, negative energy resistance 1, electricity
resistance, torment resistance 1, petrification resistance
a: Renounce Religion, Heroism


You were on level 4 of the Dungeon.
You worshipped Okawaru.
Okawaru was aware of your devotion.
You visited 2 branches of the dungeon, and saw 6 of its levels.

You collected 212 gold pieces.

Inventory:

Hand Weapons
 a - a +0 flail
 p - the +8 mace "Veavif Haby" (weapon) {holy, rElec MP-9 Str-4 Dex+5}
   (You found it on level 3 of the Dungeon)

   It has been blessed by the Shining One to cause great damage to the undead
   and demons.
   Str:       It affects your strength (-4).
   Dex:       It affects your dexterity (+5).
   rElec:     It insulates you from electricity.
   MP:        It affects your magic capacity (-9).
Armour
 c - a +0 buckler (worn)
 k - a +0 helmet (worn)
 u - +0 storm dragon scales (worn)
Jewellery
 b - a ring of flight
 n - a ring of positive energy (left hand)
 q - an amulet of regeneration
Wands
 r - a wand of flame (14)
 x - a wand of paralysis (10)
Scrolls
 f - 2 scrolls of noise
 g - 3 scrolls of teleportation {unknown}
 j - 2 scrolls of identify
 m - a scroll of fear {unknown}
 o - 2 scrolls of magic mapping
 t - a scroll of summoning {unknown}
 w - a scroll of enchant weapon {unknown}
 y - a scroll of vulnerability {unknown}
 z - a scroll of silence {unknown}
Potions
 d - 2 potions of might
 e - a potion of brilliance
 h - a potion of mutation {unknown}
 i - a potion of heal wounds
 l - 2 potions of flight {unknown}
 s - a potion of attraction {unknown}
 v - a potion of cancellation {unknown}


   Skills:
 + Level 4.7 Fighting
 + Level 6.3 Maces & Flails
 + Level 6.4 Armour
 + Level 1.2 Dodging
 + Level 0.3 Stealth
 + Level 4.7 Shields


You had 7 spell levels left.
You didn't know any spells.
Your spell library contained the following spells:

 Spells                   Type           Power      Damage    Failure   Level
 Apportation              Tloc           0%         N/A       99%         1
 Static Discharge         Conj/Air       0%         N/A       100%        2
 Stone Arrow              Conj/Erth      0%         3d7       100%        3
 Dispel Undead            Necr           0%         3d6       100%        4
 Sticky Flame             Conj/Fire      0%         2d3       100%        4
 Borgnjor's Vile Clutch   Necr/Erth      0%         N/A       100%        5
 Lehudib's Crystal Spear  Conj/Erth      0%         10d2      100%        8
 Animate Skeleton         Necr           Unusable   N/A       N/A         1
 Summon Small Mammal      Summ           Unusable   N/A       N/A         1

Dungeon Overview and Level Annotations

Branches:
Dungeon (5/15)             Temple (1/1) D:4

Altars:
Ashenzari
Elyvilon
Fedhas
Hepliaklqana
Nemelex Xobeh
Okawaru
Sif Muna
Vehumet

Shops:
D:3 (

Annotations:
D:4 3 runed translucent doors, SirDiesAlot's ghost, amateur DECj; dracfodder's ghost, novice GrBe


Innate Abilities, Weirdness & Mutations

You are immune to sickness and miasma.
Your stone body is resilient. (AC +5)
You are immune to poison.
You resist negative energy. (rN+)
You are resistant to electric shocks. (rElec)
You are resistant to unholy torment.
You are immune to petrification.


Message History

The yak gores you but does no damage. x2
You hit the yak.
The yak is heavily wounded.
The yak barely misses you.
You closely miss the yak.
The yak is heavily wounded.
The yak gores you.
* * * LOW HITPOINT WARNING * * *
You hit the yak.
The yak is severely wounded.
You block the yak's attack.
You hit the yak.
The yak is almost dead.
The yak completely misses you.
You hit the yak.
The yak is almost dead.
You block the yak's attack.
You hit the yak but do no damage.
The yak is almost dead.
The yak barely misses you. You block the yak's attack.
You hit the yak but do no damage.
The yak is almost dead.
The yak gores you.
* * * LOW HITPOINT WARNING * * *
You hit the yak.
You kill the yak!
Okawaru accepts your kill.
You hit the yak.
The yak is lightly wounded.
The yak gores you but does no damage.
You hit the yak.
The yak is lightly wounded.
The yak barely misses you.
You barely miss the yak.
The yak is lightly wounded.
You block the yak's attack.
You hit the yak but do no damage.
The yak is lightly wounded.
The yak gores you!
You die...

################# #.
##...#.........<.# #.
#.###..#########.# #.
#.# #..#
######.##########.
#.###.##
#.................
##†..##
#.##.....<.#......
##.##
#.##.#.###.#.####. #.#
#.##.#.......# ##.
###.# #@##.#####...#
#.. #...# #Y##.# #...#
#.# #.### #o##.# #...#
#.# #.# #.##.#
#...###.# #.#
#####.##.# #.......#
#.# #........#
#..>..... #.#
#[....#### #........
#.#
#####.########..##.#.#
#.#
#........##..##.#.#


You could see a yak and an orc.

Vanquished Creatures
  3 yaks (D:4)
  A necrophage (D:5)
  A phantom (D:4)
  A water moccasin skeleton (D:5)
  3 hounds
  2 iguanas (D:4)
  A bullfrog skeleton (D:4)
  2 orc wizards (D:4)
  A hound skeleton (D:5)
  7 adders
  An ufetubus (D:5)
  A worm (D:4)
  2 dart slugs
  6 orcs (D:4)
  6 bats
  6 endoplasms
  2 giant cockroaches
  3 goblins
  3 hobgoblins
  3 quokkas
  9 ball pythons
  2 frilled lizards (D:2)
  4 kobolds
  3 rats
73 creatures vanquished.

Notes
Turn   | Place    | Note
-------+----------+-------------------------------------------
     0 | D:1      | dr0g0th the Gargoyle Fighter began the quest for the Orb.
     0 | D:1      | Reached XP level 1. HP: 14/14 MP: 1/1
   178 | D:1      | Reached XP level 2. HP: 8/19 MP: 2/2
   563 | D:1      | Got the Incunabulum of Stones
   617 | D:1      | You fall into a shaft and drop 1 floor!
   625 | D:2      | Reached XP level 3. HP: 18/23 MP: 3/3
  1505 | D:2      | Reached XP level 4. HP: 28/28 MP: 4/4
  1599 | D:3      | Found Toanoev's Antique Weapon Emporium.
  1708 | D:3      | Identified the +8 mace "Veavif Haby" {holy, rElec MP-9
                  | Str-4 Dex+5}
  2274 | D:3      | Found a faded altar of an unknown god.
  2786 | D:4      | Reached XP level 5. HP: 24/32 MP: 0/5
  2980 | D:4      | Noticed a phantom
  2990 | D:4      | Killed a phantom
  2991 | D:4      | Reached XP level 6. HP: 37/38 MP: 0/6
  3090 | D:4      | Found a staircase to the Ecumenical Temple.
  3106 | Temple   | Entered the Ecumenical Temple
  3171 | Temple   | Became a worshipper of Warmaster Okawaru
  3236 | D:4      | Found a runed translucent gate.
  3236 | D:4      | Found a runed translucent gate.
  3236 | D:4      | Found a runed translucent gate.
  3237 | D:4      | Noticed dracfodder's ghost (novice GrBe)
  3237 | D:4      | Noticed SirDiesAlot's ghost (amateur DECj)
  3322 | D:4      | Reached skill level 5 in Armour
  3831 | D:5      | Entered Level 5 of the Dungeon
  3834 | D:5      | Reached XP level 7. HP: 43/43 MP: 0/7
  3848 | D:5      | Reached skill level 5 in Maces & Flails
  3911 | D:5      | Reached * piety under Okawaru
  3942 | D:5      | Noticed a yak
  3944 | D:5      | Noticed a yak
  3944 | D:5      | Noticed a yak
  3944 | D:5      | Noticed a yak
  3945 | D:5      | Noticed a yak
  3980 | D:4      | Killed a yak
  3981 | D:4      | Reached skill level 1 in Dodging
  4183 | D:4      | Killed a yak
  4184 | D:4      | Reached XP level 8. HP: 26/48 MP: 0/8
  4193 | D:4      | Killed a yak
  4197 | D:4      | Slain by a yak

Illustrated notes

Levels and vault maps discovered:
D:1:      scummos_arrival_hexagon, layout_basic
D:2:      layout_loops_cross, minmay_misc_feat_plants
D:3:      layout_basic, serial_shops, shop, shapermc_ecumenical_altar_flowoftime
D:4:      layout_loops_ring, minmay_temple_entry_tees, gammafunk_ghost_cemetery
D:5:      layout_rooms, uniq_blork_the_orc, uniq_crazy_yiuf_cottage
Temple:   mainiacjoe_temple_hex_bubbles

Skill      XL: |  1  2  3  4  5  6  7 |
---------------+----------------------+-----
Armour         | 4 5 6 |  6.4
Maces & Flails | 3 4 6 |  6.3
Shields        | 4 |  4.7
Fighting       | 4 |  4.7
Dodging        | 1 |  1.2
Stealth        | |  0.3

Action                   |  1- 3 |  4- 6 |  7- 9 || total
-------------------------+-------+-------+-------++-------
Melee: Flail             |   110 |     9 |       ||   119
       Mace              |       |    95 |    53 ||   148
  Use: Scroll            |     4 |       |       ||     4
       Potion            |       |       |     1 ||     1
Armor: Scale mail        |    90 |     7 |       ||    97
       Storm dragon scal |       |    53 |    43 ||    96
Dodge: Dodged            |    84 |    32 |    23 ||   139
Block: Buckler           |    38 |    22 |    21 ||    81

Table legend: (Time is in decaauts)
 A = Elapsed time spent in this place.
 B = Non-inter-level travel time spent in this place.
 C = Inter-level travel time spent in this place.
 D = Time resting spent in this place.
 E = Time spent auto-exploring this place.
 F = Levels seen in this place.
 G = Mean time per level.
                   A        B        C        D        E       F      G
               +--------+--------+--------+--------+--------+-----+--------+
         Total |   4267 |   4116 |    151 |   1003 |   2460 |   6 |  711.2 |
       Dungeon |   4163 |   4050 |    113 |   1003 |   2400 |   5 |  832.6 |
        Temple |    103 |     65 |     38 |      0 |     60 |   1 |  103.0 |
               +--------+--------+--------+--------+--------+-----+--------+

Top non-repeatable levels by time:
     D:4: 1396 daAuts
     D:2: 1003 daAuts
     D:3: 980 daAuts
     D:1: 631 daAuts
     D:5: 152 daAuts
  Temple: 103 daAuts
